 Dungeon Crawl Stone Soup version 0.29.1-2-gbd0b4ee654 (webtiles) character file.

Game seed: 9024340076339886779

212 Avanven the Cudgeller (level 6, -1/44 (48) HPs)
             Began as a Human Berserker on Nov 17, 2022.
             Was a Believer of Trog.
             Slain by Grinder (4 damage)
             ... on level 3 of the Dungeon.
             The game lasted 00:04:51 (3755 turns).

Avanven the Cudgeller (Human Berserker)             Turns: 3755, Time: 00:04:51

HP:   -1/44 (48)    AC:  3    Str: 19    XL:     6   Next: 14%
MP:   6/6           EV: 13    Int:  8    God:    Trog [**....]
Gold: 142           SH:  0    Dex: 24    Spells: 5/5 levels left

rFire   . . .      SeeInvis .   a - +0 mace
rCold   . . .      Faith    .   (no shield)
rNeg    . . .      Spirit   .   b - +0 animal skin
rPois   .          Reflect  .   (no helmet)
rElec   .          Harm     .   l - +0 cloak
rCorr   .          Rampage  .   (no gloves)
Will    ++...                   (no boots)
Stlth   ++........              (no amulet)
HPRegen 1.14/turn               g - +6 ring of dexterity
MPRegen 0.10/turn               i - +6 ring of dexterity

@: strong-willed, on berserk cooldown, regenerating, slowed, drained, very slow
A: no striking features
a: Renounce Religion, Berserk, Trog's Hand


You were on level 3 of the Dungeon.
You worshipped Trog.
Trog was pleased with you.
You visited 1 branch of the dungeon, and saw 3 of its levels.

You collected 142 gold pieces.

Inventory:

Hand Weapons
 a - a +0 mace (weapon)
Armour
 b - a +0 animal skin (worn)
 l - a +0 cloak (worn)
Jewellery
 g - a +6 ring of dexterity (left hand)
 i - a +6 ring of dexterity (right hand)
Scrolls
 c - a scroll of amnesia {unknown}
 d - a scroll of fog
 e - a scroll of vulnerability {unknown}
Potions
 f - a potion of lignification
 h - a potion of ambrosia {unknown}
 k - a potion of heal wounds {unknown}


   Skills:
 + Level 4.3 Fighting
 * Level 5.2 Maces & Flails
 - Level 2.2 Armour
 - Level 2.2 Dodging


You had 5 spell levels left.
You didn't know any spells.
Your spell library was empty.

Dungeon Overview and Level Annotations

Branches:
Dungeon (3/15)

Altars:
Dithmenos
Okawaru
Yredelemnul

Shops:
D:2 (   D:3 !

Annotations:
D:3 Grinder


Message History

Grinder hits you but does no damage.
Grinder blinks!
You cannot move.
Grinder blinks!
Grinder blinks!
Grinder gestures at you. You resist with significant effort.
Your transformation is almost over.
Grinder blinks!
You hit Grinder.
Grinder is almost dead.
Grinder hits you but does no damage. Grinder hits you.
You writhe in agony.
* * * LOW HITPOINT WARNING * * *
You closely miss Grinder.
Grinder is almost dead.
Grinder hits you but does no damage. Grinder hits you.
* * * LOW HITPOINT WARNING * * *
You writhe in agony.
* * * LOW HITPOINT WARNING * * *
You closely miss Grinder.
Grinder is almost dead.
Grinder hits you but does no damage. Grinder hits you.
* * * LOW HITPOINT WARNING * * *
You writhe in agony.
* * * LOW HITPOINT WARNING * * *
Your skin crawls.
You feel strong-willed. Grinder hits you but does no damage.
You closely miss Grinder.
Grinder is almost dead.
You feel less wooden.
Your +0 cloak unmelds from your body.
Your +0 animal skin unmelds from your body.
Grinder gestures at you. You resist with almost no effort.
Grinder barely misses you.
You hit Grinder.
Grinder is almost dead.
Grinder hits you.
* * * LOW HITPOINT WARNING * * *
You writhe in agony.
You die...

#################################
.................................
.##############################..
.# #.. .# ########### ##### .#
#..@5...... ..... .# #.###......
...## .# #.# .#### # .# #.# # #
.# #.# # .# #.# # ##### .# ###.#
.. ..... .# #######<#.# ... .....
.# #.....#.#.# .... .....


You could see Grinder.

Vanquished Creatures
  A necrophage (D:3)
  Crazy Yiuf (D:2)
  Terence (D:3)
  4 adders
  A dart slug (D:2)
  3 orcs (D:3)
  3 ball pythons
  3 bats
  2 endoplasms
  A giant cockroach (D:3)
  3 goblins (D:2)
  2 hobgoblins (D:2)
  8 jackals
  9 kobolds
  5 quokkas
  5 frilled lizards
  7 rats
59 creatures vanquished.

Notes
Turn   | Place    | Note
-------+----------+-------------------------------------------
     0 | D:1      | Avanven the Human Berserker began the quest for the Orb.
     0 | D:1      | Reached XP level 1. HP: 18/18 MP: 1/1
    98 | D:1      | Reached XP level 2. HP: 24/24 MP: 2/2
  1167 | D:2      | Reached XP level 3. HP: 25/29 MP: 3/3
  1263 | D:2      | Found Mualix's Antique Weapon Boutique.
  1662 | D:2      | Found a basalt altar of Yredelemnul.
  1782 | D:2      | Reached XP level 4. HP: 35/35 MP: 4/4
  2118 | D:2      | Reached skill level 4 in Maces & Flails
  2207 | D:2      | Found a runed translucent door.
  2208 | D:2      | Noticed Crazy Yiuf
  2268 | D:2      | Found a faded altar of an unknown god.
  2385 | D:2      | Killed Crazy Yiuf
  2466 | D:3      | Found an iron altar of Okawaru.
  2562 | D:3      | Found Ecudarr's Distillery.
  2732 | D:3      | Found a shadowy altar of Dithmenos.
  2732 | D:3      | Noticed Terence
  2748 | D:3      | Killed Terence
  2749 | D:3      | Reached XP level 5. HP: 42/42 MP: 5/5
  2786 | D:3      | Reached ** piety under Trog
  2899 | D:3      | Noticed Grinder
  3476 | D:3      | Reached skill level 5 in Maces & Flails
  3476 | D:3      | Reached XP level 6. HP: 21/44 MP: 6/6
  3727 | D:3      | Paralysed by Grinder for 5 turns
  3755 | D:3      | Slain by Grinder

Illustrated notes

Levels and vault maps discovered:
D:1:      nicolae_arrival_washed_ashore, layout_loops_ring,
          chequers_serial_rivers_micro_d, minmay_misc_feat_plants
D:2:      layout_loops_ring, serial_shops, nicolae_shop_behind_doors,
          shapermc_ecumenical_altar_mp_vishouse, basic_altar,
          uniq_crazy_yiuf_cottage
D:3:      layout_basic, mainiacjoe_overflow_alcove_1, overflow_temple_1_default,
          grunt_dithmenos_smoke, serial_shops, nicolae_shop_hallway_plus,
          uniq_grinder, uniq_terence

Skill      XL: |  1  2  3  4  5 |
---------------+----------------+-----
Maces & Flails | 4 5 |  5.2
Fighting       | 4 |  4.3
Armour         | |  2.2
Dodging        | |  2.2

Action                   |  1- 3 |  4- 6 || total
-------------------------+-------+-------++-------
Melee: Mace              |    74 |   105 ||   179
       Punch             |       |     2 ||     2
Invok: Berserk           |     3 |     7 ||    10
       Trog's Hand       |       |     1 ||     1
  Use: Scroll            |       |     3 ||     3
       Potion            |       |     3 ||     3
 Stab: Sleeping          |     2 |     2 ||     4
Armor: Animal skin       |     8 |    22 ||    30
       Skin              |       |     8 ||     8
Dodge: Dodged            |    50 |    57 ||   107
